 Seeded DCSS version 0.26-a0-649-gf8c6c3aab7 (webtiles) character file.

Game seed: 9774047472488868803 (custom seed)

179 flotson the Skirmisher (level 5, 0/47 HPs)
             Began as a Gnoll Wanderer on Sept 27, 2020.
             Killed by divine providence
             ... invoked by an orc priest
              (14 damage)
             ... on level 4 of the Dungeon.
             The game lasted 00:03:38 (3769 turns).

flotson the Skirmisher (Gnoll Wanderer)             Turns: 3769, Time: 00:03:38

Health: 0/47       AC: 10    Str: 15    XL:     5   Next: 59%
Magic:  12/12      EV:  9    Int: 15    God:
Gold:   198        SH:  0    Dex: 14    Spells: 14/14 levels left

rFire    + + .     SeeInvis .   a - +0 war axe
rCold    x . .     Faith    .   (no shield)
rNeg     . . .     Spirit   .   f - +0 fire dragon scales
rPois    .         Reflect  .   j - +0 helmet
rElec    .         Harm     .   (no cloak)
rCorr    .         Rampage  .   g - +0 pair of gloves
MR       .....                  (no boots)
Stlth    ..........             (no amulet)
HPRegen  0.15/turn              (no ring)
MPRegen  0.13/turn              (no ring)

@: no status effects
A: distributed training, fangs 1, strong nose
a: no special abilities


You were on level 4 of the Dungeon.
You visited 1 branch of the dungeon, and saw 4 of its levels.

You collected 198 gold pieces.

Inventory:

Hand Weapons
 a - a +0 war axe (weapon)
Missiles
 c - 13 poisoned darts (quivered)
 s - 8 curare-tipped darts
Armour
 f - +0 fire dragon scales (worn)
 g - a +0 pair of gloves (worn)
 j - a +0 helmet (worn)
 r - a +2 leather armour of cold resistance
Scrolls
 d - 4 scrolls of teleportation {unknown}
 e - a scroll of remove curse {unknown}
 h - a scroll of blinking {unknown}
 i - a scroll of enchant armour {unknown}
 k - a scroll of amnesia {unknown}
 l - 2 scrolls of fog {unknown}
 n - 2 scrolls of identify {unknown}
 q - a scroll of immolation {unknown}
Potions
 b - a potion of heal wounds {unknown}
 m - a potion of experience {unknown}
 o - a potion of mutation {unknown}
 p - a potion of might {unknown}


   Skills:
 + Level 6.7 Fighting
 + Level 1.5 Short Blades
 + Level 1.5 Long Blades
 + Level 1.5 Axes
 + Level 1.5 Maces & Flails
 + Level 1.5 Polearms
 + Level 1.5 Staves
 + Level 1.5 Slings
 + Level 1.5 Bows
 + Level 1.5 Crossbows
 + Level 3.0 Throwing
 + Level 1.5 Armour
 + Level 1.5 Dodging
 + Level 1.5 Stealth
 + Level 3.0 Shields
 + Level 1.5 Unarmed Combat
 + Level 5.2 Spellcasting
 + Level 1.2 Conjurations
 + Level 2.4 Hexes
 + Level 1.2 Summonings
 + Level 4.0 Necromancy
 + Level 1.2 Translocations
 + Level 1.2 Transmutations
 + Level 1.2 Fire Magic
 + Level 1.2 Ice Magic
 + Level 1.2 Air Magic
 + Level 1.2 Earth Magic
 + Level 1.2 Poison Magic
 + Level 1.7 Invocations
 + Level 1.5 Evocations


You had 14 spell levels left.
You didn't know any spells.
Your spell library contained the following spells:

 Spells                   Type           Power        Failure   Level
 Slow                     Hex            ##......     43%         2
 Freeze                   Ice            #...         45%         1
 Magic Dart               Conj           #...         45%         1
 Blink                    Tloc           N/A          61%         2
 Call Imp                 Summ           #.......     61%         2
 Conjure Flame            Conj/Fire      #.......     83%         3
 Mephitic Cloud           Conj/Pois/Air  #.......     83%         3
 Ozocubu's Armour         Ice            #.......     83%         3


Dungeon Overview and Level Annotations

Branches:
Dungeon (4/15)
 Temple: D:4-7

Altars:
Okawaru


Innate Abilities, Weirdness & Mutations

Your experience applies equally to all skills.
You have very sharp teeth.
Your uncanny sense of smell can sniff out nearby items.


Message History

The orc priest closely misses you.
You closely miss the orc priest.
The orc priest calls down the wrath of Beogh upon you.
Pain shoots through your body!
The orc priest hits you with a +0 hand axe.
You barely miss the orc priest.
The orc priest hits you but does no damage.
You slash the orc priest!
The orc priest is heavily wounded.
The orc priest hits you with a +0 hand axe.
* * * LOW HITPOINT WARNING * * *
You hit the orc priest.
You bite the orc priest, but do no damage.
The orc priest is heavily wounded.
The orc priest barely misses you.
You hit the orc priest.
The orc priest is almost dead.
The orc priest invokes the aid of Beogh against you.
Beogh smites you!
You die...

#............
#...........
#...........
##.#....##.. #
###....# ..
##..## .#
##...## .##.
#....)###.....
###.@o.)......
#...)##.....
#.....# ..#
##.#...... .
#.#......
.........#
#.........#
#####.......
#...#...


You could see an orc priest.

Vanquished Creatures
  A centaur skeleton (D:4)
  A worker ant (D:4)
  An orc wizard (D:4)
  2 adders
  A dart slug (D:1)
  A worm (D:4)
  5 leopard geckos
  6 orcs
  3 bats
  5 giant cockroaches
  5 hobgoblins
  6 jackals (D:1)
  A quokka (D:2)
  A ball python (D:2)
  15 frilled lizards
  6 goblins
  11 kobolds
  2 rats
73 creatures vanquished.

Vanquished Creatures (others)
  2 plants (D:3)
2 creatures vanquished.

Grand Total: 75 creatures vanquished

Notes
Turn   | Place    | Note
-------+----------+-------------------------------------------
     0 | D:1      | flotson the Gnoll Wanderer began the quest for the Orb.
     0 | D:1      | flotson set off with the following items: a +0 dagger, 13
                  | poisoned darts, a +0 robe; and the following spells
                  | available to memorise: Slow, Freeze, Magic Dart, Blink,
                  | Call Imp, Conjure Flame, Mephitic Cloud, Ozocubu's Armour
     0 | D:1      | Reached XP level 1. HP: 23/23 MP: 6/6
   508 | D:1      | Reached XP level 2. HP: 25/29 MP: 7/7
  1084 | D:1      | Reached XP level 3. HP: 34/35 MP: 9/9
  1106 | D:1      | Reached skill level 5 in Spellcasting
  1495 | D:2      | Reached skill level 1 in Invocations
  1560 | D:2      | Found an iron altar of Okawaru.
  1777 | D:2      | Reached skill level 1 in Short Blades
  1777 | D:2      | Reached skill level 1 in Long Blades
  1777 | D:2      | Reached skill level 1 in Axes
  1777 | D:2      | Reached skill level 1 in Maces & Flails
  1777 | D:2      | Reached skill level 1 in Polearms
  1777 | D:2      | Reached skill level 1 in Staves
  1777 | D:2      | Reached skill level 1 in Slings
  1777 | D:2      | Reached skill level 1 in Bows
  1777 | D:2      | Reached skill level 1 in Crossbows
  1777 | D:2      | Reached skill level 1 in Armour
  1777 | D:2      | Reached skill level 1 in Dodging
  1777 | D:2      | Reached skill level 1 in Stealth
  1777 | D:2      | Reached skill level 1 in Unarmed Combat
  1777 | D:2      | Reached skill level 1 in Evocations
  2291 | D:2      | Reached XP level 4. HP: 39/41 MP: 11/11
  3238 | D:3      | Reached skill level 1 in Conjurations
  3238 | D:3      | Reached skill level 1 in Summonings
  3238 | D:3      | Reached skill level 1 in Translocations
  3238 | D:3      | Reached skill level 1 in Transmutations
  3238 | D:3      | Reached skill level 1 in Fire Magic
  3238 | D:3      | Reached skill level 1 in Ice Magic
  3238 | D:3      | Reached skill level 1 in Air Magic
  3238 | D:3      | Reached skill level 1 in Earth Magic
  3238 | D:3      | Reached skill level 1 in Poison Magic
  3369 | D:4      | Reached XP level 5. HP: 34/47 MP: 12/12
  3769 | D:4      | Killed from afar by an orc priest

Illustrated notes

Levels and vault maps discovered:
D:1:      eino_arrival_druids_welcome, layout_loops_corners, st_stairs_12
D:2:      layout_basic, nicolae_overflow_crystal_walls
D:3:      layout_basic, minmay_lizard_king
D:4:      layout_cave_pools, lemuel_doored_altar, nicolae_ru_path_of_blood,
          elyvilon_altar_1, serial_forest, infiniplex_forest_lined_3,
          infiniplex_forest_3_way, infiniplex_forest_straight_4,
          infiniplex_forest_clump_medium, infiniplex_forest_corner_1,
          infiniplex_forest_straight_2, serial_shops, kennysheep_mini_moat

Skill      XL: |  1  2  3  4  5 |
---------------+----------------+-----
Hexes          | 2 |  2.4
Spellcasting   | 5 |  5.2
Invocations    | 1 |  1.7
Short Blades   | 1 |  1.5
Long Blades    | 1 |  1.5
Axes           | 1 |  1.5
Maces & Flails | 1 |  1.5
Polearms       | 1 |  1.5
Staves         | 1 |  1.5
Slings         | 1 |  1.5
Bows           | 1 |  1.5
Crossbows      | 1 |  1.5
Armour         | 1 |  1.5
Dodging        | 1 |  1.5
Stealth        | 1 |  1.5
Unarmed Combat | 1 |  1.5
Evocations     | 1 |  1.5
Conjurations   | 1 |  1.2
Summonings     | 1 |  1.2
Translocations | 1 |  1.2
Transmutations | 1 |  1.2
Fire Magic     | 1 |  1.2
Ice Magic      | 1 |  1.2
Air Magic      | 1 |  1.2
Earth Magic    | 1 |  1.2
Poison Magic   | 1 |  1.2
Throwing       | 3 |  3.0
Shields        | 3 |  3.0
Necromancy     | 4 |  4.0
Fighting       | |  6.7

Action                   |  1- 3 |  4- 6 || total
-------------------------+-------+-------++-------
Melee: Dagger            |   234 |    46 ||   280
       Bite              |    24 |    14 ||    38
       War axe           |       |    80 ||    80
Armor: Fire dragon scale |   129 |    73 ||   202
       Robe              |     5 |       ||     5
Dodge: Dodged            |    89 |    60 ||   149

Table legend: (Time is in decaauts)
 A = Elapsed time spent in this place.
 B = Non-inter-level travel time spent in this place.
 C = Inter-level travel time spent in this place.
 D = Time resting spent in this place.
 E = Time spent auto-exploring this place.
 F = Levels seen in this place.
 G = Mean time per level.
                   A        B        C        D        E       F      G
               +--------+--------+--------+--------+--------+-----+--------+
         Total |   3796 |   3639 |    157 |    174 |   2835 |   4 |  949.0 |
       Dungeon |   3796 |   3639 |    157 |    174 |   2835 |   4 |  949.0 |
               +--------+--------+--------+--------+--------+-----+--------+

Top non-repeatable levels by time:
     D:1: 1470 daAuts
     D:3: 1053 daAuts
     D:2: 972 daAuts
     D:4: 299 daAuts
